 Dungeon Sprint DCSS version 0.14.2 (webtiles) character file.

360 Meenos the Fey Minotaur (level 5, -1/48 HPs)
             Began as a Minotaur Death Knight on Nov 4, 2017.
             Was a Believer of Yredelemnul.
             Slain by Sonja
             ... wielding a +0,+0 dagger of distortion
              (4 damage)
             ... in the Dungeon (Sprint I: "Red Sonja").
             The game lasted 00:08:29 (485 turns).

Meenos the Fey Minotaur (Minotaur Death Knight)      Turns: 485, Time: 00:08:46

HP  -1/48        AC  3     Str 17      XL: 5   Next: 47%
MP  10/10        EV 12     Int  8      God: Yredelemnul [**....]
Gold 162         SH  0     Dex 11      Spells:  0 memorised,  4 levels left

rFire  . . .     SeeInvis .     a - +1 falchion
rCold  . . .     Clarity  .     b - +0 leather armour
rNeg   . . .     Conserve .     (no shield)
rPois  .         rCorr    .     (helmet restricted)
rElec  .         rRot     .     (no cloak)
SustAb . .       Spirit   .     (no gloves)
rMut   .         Warding  .     (no boots)
Saprov . . .     NoTele   +     (no amulet)
MR     .....                    (no ring)
                                (no ring)

@: short of breath, slowed, very slow, not resistant to hostile enchantments,
very unstealthy
A: retaliatory headbutt, horns 2
a: Animate Remains, Recall Undead Slaves, Injury Mirror, Renounce Religion


You were in the Dungeon.
You worshipped Yredelemnul.
Yredelemnul was pleased with you.
You were not hungry.

You visited 1 branch You collected 162 gold pieces.

Inventory:

Hand weapons
 a - a +1,+1 falchion (weapon)
 e - a +5,+2 anti-magic scythe
Armour
 b - a +0 leather armour (worn)
Comestibles
 c - 2 bread rations
Scrolls
 i - a scroll of blinking
Potions
 f - a potion of haste
 g - 2 potions of magic


   Skills:
 + Level 5.1 Fighting
 + Level 5.9 Long Blades
 + Level 3.4 Armour
 + Level 3.2 Dodging
 + Level 0.3 Stealth
 * Level 4.9 Unarmed Combat
 + Level 7.9 Invocations


You had 4 spell levels left.
You didn't know any spells.

Dungeon Overview and Level Annotations

Branches:
Dungeon (1/1)

Altars:
Ashenzari
Cheibriados

Annotations:
D Sonja


Innate Abilities, Weirdness & Mutations

You reflexively headbutt those who attack you in melee.
You have a pair of horns on your head.


Message History

Sonja blinks!
You feel better.
Sonja casts a spell.
Sonja blinks!
Sonja unwields an uncursed blowgun.
Sonja wields an uncursed dagger of distortion.
Its appearance distorts for a moment.
Sonja barely misses you.
Sonja hits you with an uncursed dagger of distortion.
Space warps horribly around you! Sonja hits you but does no damage.
You feel a strange sense of stasis.
You miss Sonja. Sonja hits you but does no damage. Sonja barely misses you.
Sonja hits you but does no damage.
You feel a strange sense of stasis.
Sonja mumbles some strange words.
Sonja blinks!
You closely miss Sonja. Sonja hits you but does no damage.
Space warps horribly around you!
Ouch! That really hurt!
* * * LOW HITPOINT WARNING * * *
Sonja hits you but does no damage. Space bends around you.
You die...
Your body rises from the dead as a mindless zombie.

#..'..#..'[.#..+
#..#####'#####'#
#..# #..# #.#
#..# #### ##.#
#..# #+#..+ #⌠⌠#
+(.._# ####
#_z#+# ##Z# #@#


+$K$+ #$.$# ##.## #+# You could see Sonja, the friendly Ijyb the goblin zombie
and a friendly ogre zombie.

Vanquished Creatures
  An ogre (D)
  Sigmund (D)
  A jelly (D)
  Ijyb (D)
4 creatures vanquished.

Notes
Turn   | Place    | Note
--------------------------------------------------------------
     0 | D        | Meenos, the Minotaur Death Knight, began the quest for the Orb.
     0 | D        | Reached XP level 1. HP: 18/18 MP: 1/1
     6 | D        | Noticed Ijyb
    17 | D        | Killed Ijyb
    17 | D        | Reached skill level 3 in Fighting
    17 | D        | Reached skill level 4 in Invocations
    17 | D        | Reached XP level 2. HP: 16/26 MP: 1/3
   138 | D        | Noticed an ogre
   145 | D        | Killed an ogre
   145 | D        | Reached skill level 5 in Long Blades
   145 | D        | Reached skill level 6 in Invocations
   145 | D        | Reached XP level 3. HP: 17/34 MP: 4/6
   145 | D        | Reached XP level 4. HP: 20/41 MP: 4/7
   307 | D        | Noticed Sigmund
   322 | D        | Killed Sigmund
   322 | D        | Acquired Yredelemnul's second power
   322 | D        | Reached skill level 5 in Fighting
   322 | D        | Reached skill level 7 in Invocations
   322 | D        | Reached XP level 5. HP: 38/48 MP: 0/9
   465 | D        | Found a snail-covered altar of Cheibriados.
   466 | D        | Noticed a jelly
   469 | D        | Found a shattered altar of Ashenzari.
   470 | D        | Killed a jelly
   479 | D        | Noticed Sonja
   485 | D        | Slain by Sonja

Action                   |  1- 3 |  4- 6 || total
-------------------------+-------+-------++-------
Melee: Falchion          |    16 |     8 ||    24
Invok: Animate Remains   |     1 |     1 ||     2
  Use: Potion            |       |     3 ||     3
